 Dungeon Crawl Stone Soup version 0.15-a0-2151-gce93697 (webtiles) character file.

723 PolkaDot the Jinx (level 7, -1/46 HPs)
             Began as a Vampire Enchanter on July 19, 2014.
             Was an Initiate of Sif Muna.
             Killed from afar by namnaref's ghost (20 damage)
             ... with a flame tongue
             ... on Level 5 of the Dungeon.
             The game lasted 00:20:42 (4851 turns).

PolkaDot the Jinx (Vampire Enchanter)               Turns: 4851, Time: 00:20:42

HP  -1/46        AC  7     Str  7      XL: 7   Next: 43%
MP   8/12        EV 12     Int 19      God: Sif Muna [......]
Gold 347         SH  0     Dex 14      Spells:  4 memorised,  1 level left

rFire  . . .     SeeInvis +     n - +4 dagger
rCold  + + .     Clarity  .     b - +1 robe
rNeg   + + +     rCorr    .     (no shield)
rPois  +         rRot     +     (no helmet)
rElec  .         Spirit   .     s - +0 cloak
SustAb .         Warding  .     t - +0 pair of gloves
rMut   .         Stasis   .     (no boots)
Gourm  .                        p - cursed amulet of inaccuracy
MR     .....                    (no ring)
                                e - +2 ring of protection

@: very slightly contaminated, bloodless, non-regenerating, invisible, not
resistant to hostile enchantments, quite stealthy
A: bottle blood, fangs 3, see invisible, unbreathing
a: Bat Form, Bottle Blood, Renounce Religion


You were on level 5 of the Dungeon.
You worshipped Sif Muna.
Sif Muna was noncommittal.
You were bloodless.

You visited 2 branches of the dungeon, and saw 6 of its levels.

You collected 347 gold pieces.

Inventory:

Hand weapons
 n - a +4 dagger (weapon)
Armour
 b - a +1 robe (worn)
 s - a +0 cloak (worn)
 t - a +0 pair of gloves (worn)
Scrolls
 a - 3 scrolls of enchant weapon {unknown}
 d - a scroll of fear {unknown}
 g - a scroll of random uselessness {unknown}
 i - 2 scrolls of amnesia {unknown}
 j - a scroll of remove curse {unknown}
 l - a scroll of fog {unknown}
 m - a scroll of noise {unknown}
 r - 3 scrolls of magic mapping {unknown}
 v - a scroll of immolation {unknown}
 y - a scroll of blinking {unknown}
 A - 2 scrolls of enchant armour {unknown}
Jewellery
 e - a +2 ring of protection (left hand)
 p - a cursed amulet of inaccuracy (around neck)
Potions
 f - 5 potions of haste
 k - 2 potions of cancellation
 o - a potion of brilliance
 q - 2 potions of curing
 u - 2 potions of heal wounds {unknown}
 w - a potion of resistance {unknown}
 x - a potion of agility {unknown}
 z - a potion of restore abilities {unknown}
Books
 c - a book of Maledictions

   Spells                             Type                      Level
   *Corona                            Hexes                        1
   Sure Blade                         Hexes/Charms                 2
   *Ensorcelled Hibernation           Hexes/Ice                    2
   *Confuse                           Hexes                        3
   *Dazzling Spray                    Conjuration/Hexes            3
   Enslavement                        Hexes                        4


   Skills:
 + Level 3.2 Short Blades
 - Level 2.1 Dodging
 + Level 7.8 Stealth
 - Level 2.0 Spellcasting
 * Level 9.9 Hexes
 - Level 1.3 Ice Magic


You had one spell level left.
You knew the following spells:

 Your Spells              Type           Power        Failure   Level  Hunger
a - Corona                Hex            #####..      1%          1    #......
c - Confuse               Hex            #####...     1%          3    ####...
d - Ensorcelled Hibernat  Hex/Ice        ###...       2%          2    ##.....
s - Dazzling Spray        Conj/Hex       ###.....     10%         3    ####...


Dungeon Overview and Level Annotations

Branches:
Dungeon (5/15)             Temple (1/1) D:4

Altars:
Ashenzari
Elyvilon
Fedhas
Gozag
Kikubaaqudgha
Makhleb
Nemelex Xobeh
Okawaru
Qazlal
Sif Muna
Vehumet
Xom
Yredelemnul
Zin
The Shining One

Annotations:
D:5 namnaref's ghost, experienced GrFE


Innate Abilities, Weirdness & Mutations

You do not heal naturally.
You can bottle blood from corpses.
You have razor-sharp teeth.*
You have supernaturally acute eyesight.
You can survive without breathing.*


Message History

Namnaref's ghost gestures at you while chanting.
The fireball explodes!
The fireball engulfs you!
Ouch! That really hurt!
Found an iron altar of Okawaru.
Drink which item? (? for menu, Esc to quit)
You fade into invisibility!
You are very lightly contaminated with residual magic.
Drink which item? (? for menu, Esc to quit)
Okay, then.
Namnaref's ghost points at you and mumbles some strange words.
You see here 16 gold pieces.
Casting: Confuse
Confirm with . or Enter, or press ? or * to list all spells.
Aiming: Confuse
Press: ? - help, Shift-Dir - straight line, f - namnaref's ghost
Aim: namnaref's ghost Namnaref's ghost resists.
Namnaref's ghost gestures at you while chanting.
The flame tongue hits you!
You die...

#..#..###....... . . ..#
#..##...... .....
..###.......... ......
...#......##.. ....._
.(........##.+## .......
....#.....##...##.......
....#...................
....#..........$.W.......
....+...........@........
.##.##.##+##.####+####..#
.##.##.##.##.##
..#....#......+
..+....#......#
..#....#......#
..#....+<.....#
.##....##.##+##
.##....##)##.##.##.


You could see namnaref's ghost.

Vanquished Creatures
  2 ogres (D:4)
  Sigmund (D:3)
  A hippogriff zombie (D:5)
  3 orc priests
  3 orc wizards
  2 iguanas
  4 gnolls (D:4)
  5 adders
  5 worms
  2 giant geckos
  2 oozes
  4 orcs
  2 ball pythons
  8 giant cockroaches
  5 goblins
  11 hobgoblins
  3 jackals (D:1)
  2 quokkas
  13 bats
  5 giant newts
  8 kobolds
  14 rats
  A ballistomycete (D:2)
106 creatures vanquished.

Vanquished Creatures (others)
  A giant spore (D:2)
  A quokka (D:2)
  A rat (D:2)
3 creatures vanquished.

Grand Total: 109 creatures vanquished

Notes
Turn   | Place    | Note
--------------------------------------------------------------
     0 | D:1      | PolkaDot, the Vampire Enchanter, began the quest for the Orb.
     0 | D:1      | Reached XP level 1. HP: 13/13 MP: 3/3
   192 | D:1      | Reached XP level 2. HP: 14/19 MP: 0/4
   996 | D:1      | Reached XP level 3. HP: 24/24 MP: 6/6
  1000 | D:1      | Learned a level 2 spell: Ensorcelled Hibernation
  1004 | D:1      | Learned a level 3 spell: Confuse
  1341 | D:1      | Reached skill level 1 in Ice Magic
  1689 | D:2      | Reached skill level 5 in Hexes
  1781 | D:2      | Reached XP level 4. HP: 22/30 MP: 4/7
  2199 | D:2      | Reached skill level 6 in Hexes
  2281 | D:2      | Found an iron altar of Okawaru.
  2859 | D:3      | Reached skill level 5 in Stealth
  2954 | D:3      | Reached XP level 5. HP: 35/35 MP: 6/9
  3103 | D:3      | Noticed Sigmund
  3115 | D:3      | Killed Sigmund
  3115 | D:3      | Reached skill level 7 in Hexes
  3181 | D:3      | Found a white marble altar of Elyvilon.
  3335 | D:3      | Found a shattered altar of Ashenzari.
  3725 | D:3      | Reached XP level 6. HP: 41/41 MP: 6/10
  3762 | D:4      | Reached skill level 8 in Hexes
  3767 | D:4      | Learned a level 3 spell: Dazzling Spray
  3804 | D:4      | Found a staircase to the Ecumenical Temple.
  3815 | Temple   | Entered the Ecumenical Temple
  3915 | Temple   | Became a worshipper of Sif Muna the Loreminder
  4324 | D:4      | Reached skill level 9 in Hexes
  4324 | D:4      | Reached XP level 7. HP: 42/46 MP: 6/12
  4657 | D:5      | Entered Level 5 of the Dungeon
  4845 | D:5      | Noticed namnaref's ghost (experienced GrFE)
  4847 | D:5      | Found an iron altar of Okawaru.
  4851 | D:5      | Killed from afar by namnaref's ghost

Action                   |  1- 3 |  4- 6 |  7- 9 || total
-------------------------+-------+-------+-------++-------
Melee: Dagger            |   106 |    98 |    34 ||   238
 Cast: Corona            |    12 |     2 |       ||    14
       Ensorcelled Hiber |    13 |    43 |     8 ||    64
       Confuse           |       |     2 |     2 ||     4
Evoke: Wand              |       |     1 |       ||     1
  Use: Scroll            |     3 |     3 |       ||     6
       Potion            |       |       |     1 ||     1
 Stab: Sleeping          |    17 |    41 |     8 ||    66
       Distracted        |     1 |     2 |       ||     3
       Confused          |       |     2 |     1 ||     3
